 Dungeon Crawl Stone Soup version 0.30-a0-639-g3916f1956a (webtiles) character file.

Game seed: 13219197720610872809

5 zinnoa the Caller (level 1, 0/7 HPs)
             Began as a Felid Summoner on Jan 16, 2023.
             Constricted to death by a ball python (1 damage)
             ... on level 1 of the Dungeon.
             The game lasted 00:06:38 (301 turns).

zinnoa the Caller (Felid Summoner)                   Turns: 301, Time: 00:06:39

Health: 0/7        AC:  1    Str:  4    XL:     1   Next: 66%
Magic:  3/4        EV: 14    Int: 16    God:
Gold:   13         SH:  0    Dex: 16    Spells: 3/4 levels left
                                        Lives:  0   Deaths: 0

rFire   . . .      SeeInvis +    (weapon unavailable)
rCold   . . .      Faith    .    (shield unavailable)
rNeg    . . .      Spirit   .    (body armour unavailable)
rPois   .          Reflect  .    (helmet unavailable)
rElec   .          Harm     .    (cloak unavailable)
rCorr   .          Rampage  .    (gloves unavailable)
Will    .....                    (boots unavailable)
Stlth   ++                       (no amulet)
HPRegen 0.21/turn                (no ring)
MPRegen 0.09/turn                (no ring)

@: constricted, quick
A: very small, claws 1, fangs 3, see invisible, speed 1, shaggy fur 1, stealthy
paws, no weapons or thrown items, no armour, multi-lived
a: no special abilities


You were on level 1 of the Dungeon.
You visited 1 branch of the dungeon, and saw 1 of its levels.

You collected 13 gold pieces.

Inventory:

Jewellery
 b - a ring of ice
Potions
 a - a potion of magic
 c - a potion of flight {unknown}
 d - a potion of ambrosia {unknown}


   Skills:
 + Level 2.8 Dodging
 + Level 2.7 Stealth
 + Level 2.0 Spellcasting
 + Level 4.2 Summonings


You had 3 spell levels left.
You knew the following spells:

 Your Spells              Type           Power      Damage    Failure   Level
a - Summon Small Mammal   Summ           60%        N/A       3%          1

Your spell library contained the following spells:

 Spells                   Type           Power      Damage    Failure   Level
 Call Imp                 Summ           15%        N/A       5%          2
 Call Canine Familiar     Summ           15%        N/A       11%         3
 Summon Guardian Golem    Hex/Summ       8%         N/A       26%         3
 Summon Lightning Spire   Summ/Air       8%         N/A       65%         4


Dungeon Overview and Level Annotations

Branches:
Dungeon (1/15)

Altars:


Innate Abilities, Weirdness & Mutations

You have sharp claws.
You have razor-sharp teeth.
You have supernaturally acute eyesight. (SInv)
You cover ground quickly. (Speed+)
You are covered in fur. (AC +1)
Your paws help you pounce on unaware monsters.
You are incapable of wielding weapons or throwing items.
You cannot wear armour.
You gain extra lives every three experience levels.


Message History

Your rat barely misses the giant cockroach.
The ball python bites your rat but does no damage.
The ball python grabs your rat. The ball python constricts your rat.
The giant cockroach misses your rat.
Your rat bites the ball python.
Your rat bites the giant cockroach.
The ball python bites your rat.
Your rat dies!
Your rat's corpse disappears in a puff of smoke!
The giant cockroach bites your rat.
Your rat dies!
Your rat's corpse disappears in a puff of smoke!
The giant cockroach barely misses you.
You scratch the giant cockroach but do no damage.
The giant cockroach is almost dead.
The giant cockroach barely misses you.
You scratch the giant cockroach but do no damage.
You bite the giant cockroach, but do no damage.
The giant cockroach is almost dead.
The ball python closely misses you. x2; The giant cockroach misses you.
You scratch the giant cockroach but do no damage.
The giant cockroach is almost dead.
The ball python closely misses you. The ball python grabs you.
The ball python constricts you. The giant cockroach closely misses you.
The ball python bites you but does no damage.
The ball python constricts you. The giant cockroach barely misses you.
You closely miss the giant cockroach.
The giant cockroach is almost dead.
The ball python misses you. The ball python constricts you.
The giant cockroach waves its antennae.
The giant cockroach barely misses you.
You closely miss the giant cockroach. Your bite misses the giant cockroach.
The giant cockroach is almost dead.
The ball python barely misses you. The ball python constricts you.
The giant cockroach barely misses you.
You scratch the giant cockroach.
You kill the giant cockroach!
The ball python bites you.
* * * LOW HITPOINT WARNING * * *
The ball python constricts you.
You die...

### #.# #.################
#................#
#.##############.#######
#.#####......†@S........
###..........#####.#######
........... #.#
.†......... #.#
......##... #.# ......##
.. ... ........... ...
......##.. ... ......# ..


You could see a ball python.

Vanquished Creatures
  An endoplasm (D:1)
  A giant cockroach (D:1)
  A quokka (D:1)
  2 bats (D:1)
  A rat (D:1)
6 creatures vanquished.

Vanquished Creatures (collateral kills)
  A kobold (D:1)
1 creature vanquished.

Vanquished Creatures (others)
  4 fungi (D:1)
  4 plants (D:1)
8 creatures vanquished.

Grand Total: 15 creatures vanquished

Notes
Turn   | Place    | Note
-------+----------+-------------------------------------------
     0 | D:1      | zinnoa the Felid Summoner began the quest for the Orb.
     0 | D:1      | Reached XP level 1. HP: 7/7 MP: 4/4
   157 | D:1      | Found a faded altar of an unknown god.
   301 | D:1      | Constricted to death by a ball python

Illustrated notes

Levels and vault maps discovered:
D:1:      shiori_arrival_oz, layout_basic, serial_shops, shop,
          shapermc_ecumenical_altar_mp_urbaneastern

Action                   || total
-------------------------++-------
Melee: Unarmed           ||    42
       Bite              ||     5
       Punch             ||     1
 Cast: Summon Small Mamm ||     9
Armor: Skin              ||     1
Dodge: Dodged            ||    27

Table legend: (Time is in decaauts)
 A = Elapsed time spent in this place.
 B = Non-inter-level travel time spent in this place.
 C = Inter-level travel time spent in this place.
 D = Time resting spent in this place.
 E = Time spent auto-exploring this place.
 F = Levels seen in this place.
 G = Mean time per level.
                   A        B        C        D        E       F      G
               +--------+--------+--------+--------+--------+-----+--------+
         Total |    256 |    256 |      0 |     14 |     53 |   1 |  256.0 |
       Dungeon |    256 |    256 |      0 |     14 |     53 |   1 |  256.0 |
               +--------+--------+--------+--------+--------+-----+--------+

Top non-repeatable levels by time:
     D:1: 256 daAuts
